 Dungeon Crawl Stone Soup version 0.21.0-3-g78d12a8 (webtiles) character file.

163 Ignatius881 the Magician (level 5, -1/28 HPs)
             Began as a Deep Elf Wizard on Jan 11, 2018.
             Slain by a goblin (4 damage)
             ... led by Robin
             ... on level 3 of the Dungeon.
             The game lasted 00:13:26 (3323 turns).

Ignatius881 the Magician (Deep Elf Wizard)          Turns: 3323, Time: 00:13:28

Health: -1/28      AC:  2    Str:  4    XL:     5   Next: 20%
Magic:  0/15       EV: 13    Int: 24    God:
Gold:   168        SH:  0    Dex: 13    Spells: 5/16 levels left

rFire    . . .     SeeInvis .   (no weapon)
rCold    . . .     Gourm    .   (no shield)
rNeg     + . .     Faith    .   a - +0 robe
rPois    .         Spirit   .   b - +0 hat
rElec    .         Reflect  .   (no cloak)
rCorr    .         Harm     .   (no gloves)
MR       .....                  (no boots)
Stlth    ++........             (no amulet)
HPRegen  0.09/turn              d - ring of positive energy
MPRegen  0.14/turn              (no ring)

@: no status effects
A: no striking features
a: no special abilities


You were on level 3 of the Dungeon.
You were not hungry.

You visited 1 branch of the dungeon, and saw 3 of its levels.

You collected 168 gold pieces.

Inventory:

Missiles
 j - 91 stones (quivered)
Armour
 a - a +0 robe (worn)
 b - a +0 hat (worn)
 g - a +0 pair of gloves
   (You found it on level 1 of the Dungeon)
 h - a +0 pair of gloves
   (You found it on level 1 of the Dungeon)
Jewellery
 d - a ring of positive energy (left hand)
   (You found it on level 1 of the Dungeon)
Scrolls
 f - 2 scrolls of remove curse {unknown}
 i - 3 scrolls of identify {unknown}
Potions
 k - a potion of degeneration {unknown}
 m - a potion of ambrosia {unknown}
Books
 c - a book of Minor Magic
Comestibles
 e - 6 rations


   Skills:
 - Level 2.4 Dodging
 - Level 2.4 Stealth
 + Level 6.0 Spellcasting
 + Level 3.4 Conjurations
 + Level 3.0 Summonings
 - Level 1.1 Translocations


You had 5 spell levels left.
You knew the following spells:

 Your Spells              Type           Power        Failure   Level  Hunger
a - Magic Dart            Conj           ###.         1%          1    None
b - Blink                 Tloc           N/A          8%          2    None
c - Call Imp              Summ           ###.....     3%          2    None
d - Conjure Flame         Conj/Fire      ###.....     12%         3    #......
e - Mephitic Cloud        Conj/Pois/Air  ##......     16%         3    #......


Dungeon Overview and Level Annotations

Branches:
Dungeon (3/15)

Altars:

Annotations:
D:3 Robin


Message History

The goblin closely misses you.
Aim: a goblin, wielding a dagger The magic dart hits the goblin.
You kill the goblin!
You start resting.
Aim: a goblin (hasn't noticed you)
The magic dart hits the goblin.
You kill the goblin!
Aim: a dart slug (hasn't noticed you)
The magic dart hits the dart slug.
Aim: a dart slug (severely wounded)
The magic dart hits the dart slug.
You kill the dart slug!
Your Summonings skill increases to level 3!
You start resting.
Aim: Robin, wielding a trident of piercing, wearing an animal skin and wearing a helmet The magic dart hits Robin.
Your magical contamination has completely faded away.
A hobgoblin comes into view. It is wielding a club.
Aim: Robin, wielding a trident of piercing, wearing an animal skin and wearing a helmet (moderately wounded)
The magic dart hits Robin.
The hobgoblin shouts!
Aim: Robin, wielding a trident of piercing, wearing an animal skin and wearing a helmet (moderately wounded)
The magic dart hits Robin.
Aim: Robin, wielding a trident of piercing, wearing an animal skin and wearing a helmet (heavily wounded)
The magic dart hits Robin.
Things that are here:
a dagger; a goblin corpse Robin points. "Kill!"
Robin barely misses you. Robin hits you but does no damage.
The hobgoblin closely misses you.
Robin roars a battlecry!
The goblins go into a battle-frenzy!
Aim: Robin, wielding a trident of piercing, wearing an animal skin and wearing a helmet (almost dead)
The magic dart hits the goblin.
You kill the goblin!
The hobgoblin closely misses you. The goblin completely misses you.
The goblin hits you. Robin throws the goblin at you!
The goblin closely misses you.
You barely miss the goblin. The hobgoblin hits you with a club.
* * * LOW HITPOINT WARNING * * *
The goblin barely misses you.
Robin hits you from afar with a trident of piercing.
* * * LOW HITPOINT WARNING * * *
* * * LOW HITPOINT WARNING * * *
The hobgoblin hits you with a club.
* * * LOW HITPOINT WARNING * * *
The goblin hits you.
You die...

.#####..Z............#...#(.#
.........................##..
......†...............######
##....................#
#######.................#
.....#......<...........#
#....................###
##...).................###
#)†...)..@..............#
########<)....gg.g..........#####
............................##...
#########........................
##.....#.................
###########.............
##...)........ #..((......).
#....(.......


You could see Robin, a hobgoblin and a goblin.

Vanquished Creatures
  An orc priest (D:3)
  3 gnolls (D:2)
  2 adders (D:2)
  2 oozes
  A worm (D:2)
  3 dart slugs
  2 leopard geckos
  4 orcs (D:3)
  A giant cockroach (D:2)
  17 goblins
  7 hobgoblins
  4 ball pythons
  5 bats
  A frilled lizard (D:2)
  7 kobolds
  A quokka skeleton (D:3)
  7 rats
68 creatures vanquished.

Vanquished Creatures (collateral kills)
  A worm (D:3)
  An orc (D:3)
  A hobgoblin (D:2)
3 creatures vanquished.

Grand Total: 71 creatures vanquished

Notes
Turn   | Place    | Note
-------+----------+-------------------------------------------
     0 | D:1      | Ignatius881 the Deep Elf Wizard began the quest for the Orb.
     0 | D:1      | Reached XP level 1. HP: 10/10 MP: 7/7
   193 | D:1      | Reached XP level 2. HP: 8/15 MP: 0/9
   323 | D:1      | Learned a level 2 spell: Blink
   326 | D:1      | Learned a level 2 spell: Call Imp
   600 | D:1      | Reached skill level 5 in Spellcasting
  1457 | D:2      | Reached XP level 3. HP: 19/19 MP: 3/11
  1666 | D:2      | Reached XP level 4. HP: 22/24 MP: 3/13
  1916 | D:2      | Learned a level 3 spell: Conjure Flame
  1920 | D:2      | Learned a level 3 spell: Mephitic Cloud
  2879 | D:3      | Reached XP level 5. HP: 25/28 MP: 3/15
  2889 | D:3      | Noticed Robin
  3115 | D:3      | Reached skill level 6 in Spellcasting
  3323 | D:3      | Slain by a goblin

Skill      XL: |  1  2  3  4  5 |
---------------+----------------+-----
Conjurations   | 2 3 |  3.4
Spellcasting   | 5 6 |  6.0
Summonings     | 2 3 |  3.0
Dodging        | |  2.4
Stealth        | |  2.4
Translocations | |  1.1

Action                   |  1- 3 |  4- 6 || total
-------------------------+-------+-------++-------
Melee: Unarmed           |       |     1 ||     1
 Cast: Magic Dart        |    78 |   109 ||   187
       Call Imp          |     1 |     8 ||     9
  Eat: Chunk             |     2 |     5 ||     7
Armor: Robe              |       |     3 ||     3
Dodge: Dodged            |    11 |    30 ||    41
